 Dungeon Crawl Stone Soup version 0.22-a0-266-g5fdf0d7d63 (webtiles) character file.

27 Manul the Sneak (level 2, -1/22 HPs)
             Began as a Vampire Assassin on Mar 8, 2018.
             Slain by a leopard gecko (4 damage)
             ... on level 1 of the Dungeon.
             The game lasted 00:01:56 (1099 turns).

Manul the Sneak (Vampire Assassin)                  Turns: 1099, Time: 00:01:57

Health: -1/22      AC:  4    Str:  8 (10) XL:     2   Next: 93%
Magic:  2/2        EV: 11    Int: 15 (16) God:
Gold:   58         SH:  0    Dex: 14 (15) Spells: 1/1 levels left

rFire    . . .     SeeInvis +   a - +2 dagger
rCold    + . .     Gourm    .   (no shield)
rNeg     + + .     Faith    +   p - +0 leather armour
rPois    +         Spirit   .   (no helmet)
rElec    .         Reflect  .   d - +0 cloak
rCorr    .         Harm     .   (no gloves)
MR       .....                  (no boots)
Stlth    ++++......             m - amulet of faith
HPRegen  0.03/turn              n - +3 ring of intelligence
MPRegen  0.08/turn              (no ring)

@: regenerating slowly
A: fangs 3, see invisible, unbreathing
a: no special abilities


You were on level 1 of the Dungeon.
You were thirsty.

You visited 1 branch of the dungeon, and saw 2 of its levels.

You collected 58 gold pieces.

Inventory:

Hand Weapons
 a - a +2 dagger (weapon)
 b - a +0 blowgun
Missiles
 e - 8 poisoned needles
 f - 2 curare-tipped needles
Armour
 c - a +0 robe
 d - a +0 cloak (worn)
 p - a +0 leather armour (worn)
Jewellery
 m - an amulet of faith (around neck)
 n - a +3 ring of intelligence (left hand)
Scrolls
 h - a scroll of fog {unknown}
 i - a scroll of amnesia {unknown}
 k - 2 scrolls of identify {unknown}
 l - a scroll of random uselessness {unknown}
Potions
 g - 12 potions of blood
 o - a potion of lignification


   Skills:
 + Level 1.9 Fighting
 + Level 2.4 Short Blades
 - Level 1.5 Throwing
 + Level 1.1 Dodging
 * Level 7.1 Stealth


You had one spell level left.
You didn't know any spells.

Dungeon Overview and Level Annotations

Branches:
Dungeon (2/15)

Altars:


Innate Abilities, Weirdness & Mutations

You heal slowly.
You have razor-sharp teeth.
You have supernaturally acute eyesight. (SInv)
You can survive without breathing.


Message History

You escape the ball python's grasp.
There is a stone staircase leading up here.
The leopard gecko misses you. The leopard gecko closely misses you.
You climb upwards.
There is a stone staircase leading down here.
You barely miss the leopard gecko. The leopard gecko bites you.
* * * LOW HITPOINT WARNING * * *
Your leather armour prevents you from hitting the leopard gecko.
The leopard gecko closely misses you.
You miss the leopard gecko. The leopard gecko barely misses you.
You aren't carrying any items that you can evoke.
Sorry, you're not good enough to have a special ability.
Unknown command.
It was a potion of lignification.
You feel woody for a moment.
The leopard gecko bites you but does no damage.
It was a potion of degeneration.
There was something very wrong with that liquid.
You feel weakened.
You feel dopey.
You feel clumsy. The leopard gecko bites you.
You die...

.........# #...##.####.#.##
.........# #...##.# #.#.#
###......# #...##.# #.#.#
###......###...##.# #.#.#
##..............#.# #.#.#
..................####.#.##
...>....................(.#
##..............#l####.####
##..............@.# #.#
##..##..#.#####.######.#
..........#........).#.#
..........#.###........#
##..##....#.# #.######.#
.....#....#.# #.# #.#
##..........###.######.#
.#...#.................#
......................##


You could see a leopard gecko.

Vanquished Creatures
  3 leopard geckos
  A ball python (D:1)
  A bat (D:1)
  2 giant cockroaches
  4 goblins (D:1)
  3 hobgoblins (D:1)
  3 frilled lizards
  3 kobolds (D:1)
  3 rats (D:1)
23 creatures vanquished.

Notes
Turn   | Place    | Note
-------+----------+-------------------------------------------
     0 | D:1      | Manul the Vampire Assassin began the quest for the Orb.
     0 | D:1      | Reached XP level 1. HP: 16/16 MP: 1/1
    82 | D:1      | Reached skill level 6 in Stealth
   158 | D:1      | Reached XP level 2. HP: 22/22 MP: 2/2
   700 | D:1      | Reached skill level 7 in Stealth
  1099 | D:1      | Slain by a leopard gecko

Vault maps used:
D:1:      dpeg_arrival_stone_temple_mockup, minmay_domino_4
D:2:      okawaru_gym_becter, uniq_robin

Skill      XL: |  1  2 |
---------------+-------+-----
Stealth        | 6 7 |  7.1
Fighting       | |  1.9
Short Blades   | |  2.4
Throwing       | |  1.5
Dodging        | |  1.1

Action                   || total
-------------------------++-------
Melee: Dagger            ||    61
       Bite              ||     3
  Use: Potion            ||     2
 Stab: Sleeping          ||     8
Armor: Robe              ||     3
       Leather armour    ||     8
Dodge: Dodged            ||    29

Table legend:
 A = Spawn XP
 B = Non-spawn XP
 C = Spawn XP percentage of total XP
 D = Spawn monster count
 E = Non-spawn monster count
 F = Spawn count percentage of total count
 G = Total turns spent on level
                    A         B        C        D         E        F      G
               +---------+---------+-------+---------+---------+-------+---------
         Total |       0 |      39 |   0.0 |       0 |      23 |   0.0 |  1099
               +---------+---------+-------+---------+---------+-------+---------
           D:1 |       0 |      33 |   0.0 |       0 |      20 |   0.0 |  1033
           D:2 |       0 |       6 |   0.0 |       0 |       3 |   0.0 |    66
               +---------+---------+-------+---------+---------+-------+---------
